 Dungeon Crawl Stone Soup version 0.25-a0-589-g1e14c549ee (webtiles) character file.

Game seed: 12651366240455979181, levelgen mode: deterministic

104 Kohma the Digger (level 4, 0/24 HPs)
             Began as a Gargoyle Earth Elementalist on Mar 10, 2020.
             Slain by a hound (4 damage)
             ... on level 3 of the Dungeon.
             The game lasted 00:06:08 (1714 turns).

Kohma the Digger (Gargoyle Earth Elementalist)      Turns: 1714, Time: 00:06:08

Health: 0/24       AC:  5    Str: 12    XL:     4   Next: 80%
Magic:  0/8        EV: 12    Int: 16    God:
Gold:   91         SH:  0    Dex: 10    Spells: 2/8 levels left

rFire    . . .     SeeInvis .     - Unarmed
rCold    . . .     Gourm    .   (no shield)
rNeg     + . .     Faith    .   c - +0 robe
rPois    ∞         Spirit   .   (no helmet)
rElec    +         Reflect  .   (no cloak)
rCorr    .         Harm     .   (no gloves)
MR       .....                  (no boots)
Stlth    ++........             (no amulet)
HPRegen  0.08/turn              (no ring)
MPRegen  0.11/turn              (no ring)

@: no status effects
A: negative energy resistance 1, electricity resistance, unbreathing,
petrification resistance, rot immunity, AC +3
a: no special abilities


You were on level 3 of the Dungeon.
You were hungry.

You visited 1 branch of the dungeon, and saw 3 of its levels.

You collected 91 gold pieces.

Inventory:

Missiles
 b - 41 stones (quivered)
 j - 4 curare-tipped darts
Armour
 c - a +0 robe (worn)
Scrolls
 a - a scroll of fear {unknown}
 e - a scroll of teleportation {unknown}
 k - a scroll of remove curse {unknown}
 l - a scroll of random uselessness {unknown}
 m - a scroll of magic mapping {unknown}
 n - a scroll of noise {unknown}
 p - a scroll of fog {unknown}
Potions
 g - a potion of brilliance {unknown}
 h - a potion of degeneration {unknown}
 i - a potion of lignification {unknown}
 o - 2 potions of mutation {unknown}
Comestibles
 d - 5 rations


   Skills:
 - Level 1.5 Dodging
 - Level 2.1 Stealth
 + Level 1.3 Unarmed Combat
 + Level 2.8 Spellcasting
 * Level 1.6 Conjurations
 - Level 1.0 Transmutations
 * Level 4.9 Earth Magic


You had 2 spell levels left.
You knew the following spells:

 Your Spells              Type           Power        Failure   Level  Hunger
a - Sandblast             Erth           ###...       2%          1    #......
b - Passwall              Tmut/Erth      ##......     9%          2    ##.....
c - Stone Arrow           Conj/Erth      ##....       16%         3    ###....

Your spell library contained the following spells:

 Spells                   Type           Power        Failure   Level  Hunger
 Petrify                  Tmut/Erth      ##......     50%         4    #####..
 Lee's Rapid Deconstruct  Erth           ###.......   56%         5    ######.


Dungeon Overview and Level Annotations

Branches:
Dungeon (3/15)

Altars:


Innate Abilities, Weirdness & Mutations

You are resistant to torment.
Your stone body is resilient. (AC +3)
You are immune to poison.
You resist negative energy. (rN+)
You are resistant to electric shocks. (rElec)
You can survive without breathing.
You are immune to petrification.
You are immune to rotting.


Message History

The hound closely misses you.
The kobold hits you with a +0 short sword.
You hit the hound.
The hound is almost dead.
The hound bites you.
* * * LOW HITPOINT WARNING * * *
The goblin barely misses you. The kobold hits you but does no damage.
You hit the hound but do no damage.
The hound is almost dead.
The hound misses you. The goblin hits you but does no damage.
The hound bites you.
* * * LOW HITPOINT WARNING * * *
You closely miss the hound.
The hound is almost dead.
The kobold hits you but does no damage. The hound closely misses you.
The goblin completely misses you.
You barely miss the hound.
The hound is almost dead.
The hound bites you.
You die...

###........
#.....#....
#........##
#.......$.#
#.%...# .
#.....##...
#.........#
#.Khg###...
#..@.# ..
#....# #
######


You could see a hound, a goblin and a kobold.

Vanquished Creatures
  A gnoll (D:1)
  2 adders
  2 oozes
  A worm (D:2)
  3 dart slugs
  3 leopard geckos
  A giant cockroach (D:1)
  7 goblins
  5 hobgoblins
  5 jackals
  6 kobolds
  A quokka (D:2)
  A ball python (D:1)
  9 bats
  2 frilled lizards (D:2)
  8 rats
57 creatures vanquished.

Notes
Turn   | Place    | Note
-------+----------+-------------------------------------------
     0 | D:1      | Kohma the Gargoyle Earth Elementalist began the quest for
                  | the Orb.
     0 | D:1      | Reached XP level 1. HP: 10/10 MP: 3/3
    71 | D:1      | Reached XP level 2. HP: 9/15 MP: 0/5
    81 | D:1      | Reached skill level 4 in Earth Magic
   398 | D:1      | Reached skill level 1 in Unarmed Combat
   398 | D:1      | Reached XP level 3. HP: 19/19 MP: 2/6
   439 | D:1      | Learned a level 2 spell: Passwall
   443 | D:1      | Learned a level 3 spell: Stone Arrow
   666 | D:1      | Reached skill level 1 in Transmutations
   917 | D:2      | Reached XP level 4. HP: 18/24 MP: 0/8
  1016 | D:2      | Reached skill level 1 in Conjurations
  1714 | D:3      | Slain by a hound

Levels and vault maps discovered:
D:1:      dpeg_arrival_stone_temple_mockup, layout_basic
D:2:      layout_basic
D:3:      layout_rooms, chequers_temple_overflow_statue_of_worship,
          gammafunk_ghost_arena, kennysheep_orc_chapel, uniq_terence

Skill      XL: |  1  2  3  4 |
---------------+-------------+-----
Earth Magic    | 4 |  4.9
Unarmed Combat | 1 |  1.3
Transmutations | 1 |  1.0
Conjurations   | 1 |  1.6
Dodging        | |  1.5
Stealth        | |  2.1
Spellcasting   | |  2.8

Action                   |  1- 3 |  4- 6 || total
-------------------------+-------+-------++-------
Melee: Unarmed           |    38 |    51 ||    89
       Punch             |       |     1 ||     1
 Cast: Sandblast         |    44 |     3 ||    47
       Stone Arrow       |       |    17 ||    17
 Stab: Distracted        |       |     1 ||     1
  Eat: Chunk             |       |     4 ||     4
Armor: Robe              |    23 |    17 ||    40
Dodge: Dodged            |    35 |    46 ||    81

Table legend:
 A = Non-vault XP
 B = Vault XP
 C = Vault XP percentage of total XP
 D = Non-vault monster count
 E = Vault monster count
 F = Vault count percentage of total count
                 A         B        C        D         E       F
            +---------+---------+-------+---------+---------+-------
      Total |     149 |       0 |   0.0 |      57 |       0 |   0.0
            +---------+---------+-------+---------+---------+-------
        D:1 |      74 |       0 |   0.0 |      30 |       0 |   0.0
        D:2 |      56 |       0 |   0.0 |      23 |       0 |   0.0
        D:3 |      19 |       0 |   0.0 |       4 |       0 |   0.0
            +---------+---------+-------+---------+---------+-------
